 Dungeon Crawl Stone Soup version 0.18.1-48-g4cf74bf (webtiles) character file.

51 Gadfly the Insei (level 3, 0/29 HPs)
             Began as a Demonspawn Monk on Sept 4, 2016.
             Killed from afar by a dart slug (2 damage)
             ... with a slug dart
             ... on level 2 of the Dungeon.
             The game lasted 00:01:54 (1387 turns).

Gadfly the Insei (Demonspawn Monk)                  Turns: 1387, Time: 00:01:55

Health: 0/29       AC:  3    Str: 11    XL:     3   Next: 57%
Magic:  3/3        EV: 13    Int: 11    God:
Gold:   72         SH:  0    Dex: 16    Spells: 0 memorised, 2 levels left

rFire  . . .     SeeInvis .       - Unarmed
rCold  . . .     Gourm    .     e - +0 leather armour
rNeg   . . .     Faith    .     (no shield)
rPois  .         Spirit   .     (no helmet)
rElec  .         Dismiss  .     (no cloak)
rCorr  .         Reflect  .     (no gloves)
SustAt .         Harm     .     (no boots)
MR     .....                    (no amulet)
Stlth  +++.......               (no ring)
                                (no ring)

@: not resistant to hostile enchantments, fairly stealthy
A: talons 1, nightstalker 1
a: no special abilities


You were on level 2 of the Dungeon.
You were hungry.

You visited 1 branch of the dungeon, and saw 2 of its levels.

You collected 72 gold pieces.

Inventory:

Armour
 e - a +0 leather armour (worn)
Potions
 f - a potion of curing
Comestibles
 a - 3 chunks of flesh
 b - 2 bread rations
 g - a beef jerky


   Skills:
 + Level 3.2 Fighting
 + Level 0.3 Armour
 + Level 3.1 Dodging
 - Level 1.7 Stealth
 + Level 4.3 Unarmed Combat


You had 2 spell levels left.
You didn't know any spells.

Dungeon Overview and Level Annotations

Branches:
Dungeon (2/15)

Altars:
Pakellas


Innate Abilities, Weirdness & Mutations

You have sharp toenails.
You are slightly more attuned to the shadows.


Message History

You hit the worm.
The worm is severely wounded.
The worm bites you.
* * * LOW HITPOINT WARNING * * *
The dart slug bites you.
* * * LOW HITPOINT WARNING * * *
You hit the worm. You claw the worm, but do no damage.
The worm is almost dead.
The worm completely misses you.
You hit the worm but do no damage.
The worm is severely wounded.
The dart slug bites you.
* * * LOW HITPOINT WARNING * * *
You hit the worm.
You kill the worm!
The dart slug misses you. The dart slug closely misses you.
The dart slug launches a dart at you. The slug dart hits you!
You die...

.....##.lb## #.
#...$##≈8≈## .
#!#..###### #
####!#..##._.# ##.
.......##...#
....###...####'## #.#
#..†.........# #.#
..#.##†##.###.## #.#
....#w@.#.# #.# #.#
..........# #.#####.#
..#.....#.###.......#
....#..##...........###
.#..$.....########....)
...#..## ###### .. ...
....


You could see a dart slug.

Vanquished Creatures
  An adder (D:2)
  A worm (D:2)
  2 dart slugs
  3 bats
  A giant cockroach (D:1)
  5 goblins (D:1)
  7 hobgoblins
  3 jackals (D:2)
  2 kobolds (D:1)
  A quokka (D:2)
  A giant newt (D:2)
  4 rats (D:1)
31 creatures vanquished.

Vanquished Creatures (others)
  A yak (D:2)
1 creature vanquished.

Grand Total: 32 creatures vanquished

Notes
Turn   | Place    | Note
--------------------------------------------------------------
     0 | D:1      | Gadfly the Demonspawn Monk began the quest for the Orb.
     0 | D:1      | Reached XP level 1. HP: 18/18 MP: 1/1
     3 | D:1      | Noticed a demigod
     5 | D:1      | Noticed a formicid
     5 | D:1      | Noticed a merfolk
     7 | D:1      | Noticed a centaur
     7 | D:1      | Noticed a ghoul
     9 | D:1      | Noticed a dwarf
    11 | D:1      | Noticed a vampire
    11 | D:1      | Noticed a draconian
    13 | D:1      | Noticed an elf
    13 | D:1      | Noticed a spriggan
    15 | D:1      | Noticed a troll
    17 | D:1      | Noticed a minotaur
    17 | D:1      | Noticed an ogre
    19 | D:1      | Noticed an octopode
    19 | D:1      | Noticed a halfling
    21 | D:1      | Noticed a felid
    23 | D:1      | Noticed a human
    23 | D:1      | Noticed a demonspawn
    25 | D:1      | Noticed a vine stalker
    25 | D:1      | Noticed a tengu
    27 | D:1      | Noticed a naga
    27 | D:1      | Noticed a gargoyle
   377 | D:1      | Reached skill level 4 in Unarmed Combat
   377 | D:1      | Gained mutation: You have sharp toenails. [demonic ancestry]
   377 | D:1      | Reached XP level 2. HP: 13/24 MP: 2/2
  1289 | D:2      | Gained mutation: You are slightly more attuned to the shadows. [demonic ancestry]
  1289 | D:2      | Reached XP level 3. HP: 27/29 MP: 3/3
  1336 | D:2      | Found an oddly glowing altar of Pakellas.
  1336 | D:2      | Noticed an orange crystal statue
  1338 | D:2      | Noticed a yak
  1381 | D:2      | Killed a yak
  1387 | D:2      | Killed from afar by a dart slug

Skill      XL: |  1  2 |
---------------+-------+-----
Unarmed Combat | 4 |  4.3
Dodging        | 3 |  3.1
Fighting       | |  3.2
Armour         | |  0.3
Stealth        | |  1.7

Action                   || total
-------------------------++-------
Melee: Unarmed           ||   136
       Kick              ||    19
  Use: Scroll            ||     2
       Potion            ||     1
 Stab: Sleeping          ||     2
  Eat: Chunk             ||     1
Armor: Leather armour    ||    24
Dodge: Dodged            ||   101
